 Dungeon Crawl Stone Soup version 0.17-a0-2231-gd80ca38 (webtiles) character file.

82621 M4edhros the Unseen (level 15, -3/97 HPs)
             Began as an Octopode Artificer on Oct 28, 2015.
             Was the Champion of Okawaru.
             Slain by a snapping turtle (29 damage)
             ... on level 1 of the Shoals on Oct 29, 2015.
             The game lasted 01:52:33 (28776 turns).

M4edhros the Unseen (Octopode Artificer)           Turns: 28776, Time: 01:52:33

Health: -3/97      AC: 14    Str: 10 (13) XL:     15   Next: 74%
Magic:  39/39      EV: 17    Int: 12 (15) God:    Okawaru [******]
Gold:   1739       SH: 14    Dex: 11 (15) Spells: 6 memorised, 3 levels left

rFire  . . .     SeeInvis +     O - +4 eveningstar (protect)
rCold  + + .     Clarity  .     V - +2 shield {AC+3}
rNeg   + . .     SustAt   .     S - +2 hat {Int+3}
rPois  +         Gourm    .     K - amulet of regeneration
rElec  +         Spirit   .     n - ring of magical power
rCorr  .         Warding  .     w - ring of magical power
rMut   .         Stasis   .     o - ring of protection from fire
MR     +....                    c - ring of flight
Stlth  ++++++++++               F - ring of Shadows {Umbra +Inv rN+ SInv}
                                v - ring of ice
                                Y - ring "Luyg" {rElec rC+ AC+3}
                                (no ring)

@: heroism, wreathed by umbra, drained, somewhat resistant to hostile
enchantments, uncannily stealthy
A: almost no armour, amphibious, 8 rings, constrict 8, fangs 1, tentacle spike
1, camouflage 1, clumsy 1, deterioration 1, dopey 1, low mp 1, poison
resistance, gelatinous body 1, subdued magic 1
a: Heroism, Finesse, Renounce Religion, Evoke Invisibility, Evoke Flight


You were on level 1 of the Shoals.
You worshipped Okawaru.
Okawaru was exalted by your worship.
You were very hungry.

You visited 5 branches of the dungeon, and saw 26 of its levels.

You collected 2387 gold pieces.
You spent 648 gold pieces at shops.

Inventory:

Hand Weapons
 a - the +1 hunting sling of Intimidation {freeze, *Corrode Str+7 Int+6}
   (You acquired it on level 7 of the Lair of Beasts)

   It causes projectiles fired from it to freeze those they strike, causing
   extra injury to most foes and up to half again as much damage against
   particularly susceptible opponents.
   They can also slow down cold-blooded creatures.
   It affects your strength (+7).
   It affects your intelligence (+6).
   It may corrode your equipment when you take damage.
 O - a +4 eveningstar of protection (weapon)
 X - a +0 blowgun
Missiles
 k - 50 sling bullets
 q - 203 stones (quivered)
 z - a curare-tipped needle
 E - 33 steel sling bullets
 L - 13 sling bullets of flame
Armour
 g - the +3 buckler "Mul Etsu" {+Inv +Fly rElec Str+4}
   (Okawaru gifted it to you on level 5 of the Lair of Beasts)

   It affects your strength (+4).
   It insulates you from electricity.
   It lets you turn invisible.
   It lets you fly.
 S - a +2 hat of intelligence (worn)
 V - a +2 shield of protection (worn)
Rods
 J - a +6 rod of shadows (17/17)
   (You found it on level 7 of the Dungeon)
Jewellery
 c - a ring of flight (on tentacle)
 i - an uncursed amulet of clarity
 n - a ring of magical power (left tentacle)
 o - a ring of protection from fire (on tentacle)
 v - a ring of ice (on tentacle)
 w - a ring of magical power (right tentacle)
 F - the ring of Shadows (on tentacle) {Umbra +Inv rN+ SInv}
   (You found it on level 8 of the Lair of Beasts)

   [ring of invisibility]

   It protects you from negative energy.
   It lets you see invisible.
   It lets you turn invisible.
 K - an amulet of regeneration (around mantle)
 Y - the ring "Luyg" (on tentacle) {rElec rC+ AC+3}
   (You found it on level 14 of the Dungeon)

   [ring of protection]

   It affects your AC (+3).
   It protects you from cold.
   It insulates you from electricity.
Wands
 b - a wand of cold (3)
 p - a wand of fireball (0)
 t - a wand of paralysis (10)
 u - a wand of fireball (6)
 y - a wand of enslavement (14)
 A - a wand of confusion (7)
 R - a wand of cold (0)
 W - a wand of teleportation (5)
Scrolls
 h - 7 scrolls of fog
 j - a scroll of identify
 r - 5 scrolls of teleportation
 x - 3 scrolls of magic mapping
 C - a scroll of acquirement
 G - a scroll of blinking
 M - a scroll of fear
 Q - 2 scrolls of immolation
 T - a scroll of torment
 Z - a scroll of enchant armour
Potions
 f - a potion of agility
 s - a potion of curing
 B - 3 potions of might
 H - 2 potions of brilliance
Miscellaneous
 d - a disc of storms
 m - a stone of tremors
Comestibles
 e - 15 bread rations
 l - 8 meat rations
 D - 2 royal jellies
 I - 16 fruits
 U - 22 beef jerkies


   Skills:
 - Level 7.1(12.0) Fighting
   Level 1.0(7.9) Short Blades
   Level 4.5(9.5) Long Blades
 + Level 6.5(11.5) Maces & Flails
 - Level 11.6(16.6) Slings
 + Level 7.6(12.6) Dodging
 + Level 17.3(22.3) Stealth
 * Level 8.0(13.0) Shields
 * Level 6.1 Spellcasting
 * Level 7.5(7.4) Conjurations
 + Level 2.3 Charms
 + Level 2.6 Necromancy
 - Level 5.1(5.0) Ice Magic
 + Level 11.2 Evocations


You had 3 spell levels left.
You knew the following spells:

 Your Spells              Type           Power        Failure   Level  Hunger
a - Condensation Shield   Ice            ###.......   17%         4    ####...
b - Ozocubu's Armour      Chrm/Ice       ##......     9%          3    ###....
c - Iskenderun's Mystic   Conj           ##......     7%          4    ####...
d - Orb of Destruction    Conj           ##........   100%        7    #######
e - Regeneration          Chrm/Necr      #.........   17%         3    ###....
f - Repel Missiles        Chrm/Air       #.....       13%         2    ##.....


Dungeon Overview and Level Annotations

Branches:
Dungeon (15/15)            Temple (1/1) D:4            Lair (8/8) D:8
 Shoals (1/4) Lair:4        Snake (1/4) Lair:4        Slime (0/6) Lair:8
    Orc (0/4) D:10         Vaults (0/5) D:13         Depths (0/5) D:15

Altars:
Ashenzari
Cheibriados
Dithmenos
Elyvilon
Fedhas
Gozag
Kikubaaqudgha
Makhleb
Nemelex Xobeh
Okawaru
Qazlal
Ru
Sif Muna
Trog
Vehumet
Xom
Yredelemnul
Zin
The Shining One
Beogh
Jiyva

Shops:
D:8 [?=([   D:10 !   D:14 }

Portals:
Ice
Cave: Shoals:1

Annotations:
D:2 Robin
D:10 nicanaca0's ghost, novice MiBe
Shoals:1 Kirke


Innate Abilities, Weirdness & Mutations

You cannot wear most types of armour.
You are amphibious.
You can wear up to eight rings at the same time.
You can use your tentacles to constrict eight enemies at once.
Your skin changes colour to match your surroundings (Stealth).
Your rubbery body absorbs attacks (AC +1).
You have very sharp teeth.
One of your tentacles bears a spike.
You are clumsy. (Dex -2)
Your body sometimes deteriorates upon taking damage.
You are dopey. (Int -2)
Your magical capacity is low (-10% MP).
Your system is resistant to poisons.
Your spells are a little easier to cast, but a little less powerful.


Message History

Unknown command.
You cannot move away from the siren!
Unknown command.
Unknown command.
Evoke which item? (* to show all) (? for menu, Esc to quit)
Zapping:
b - a wand of cold (4)
Press: ? - help, Shift-Dir - straight line, p - siren The bolt of cold hits the ice beast.
The ice beast completely resists.
The bolt of cold hits the siren.
You break out of your daze!
You kill the siren!
Okawaru accepts your kill.
This wand has 3 charges left.
The ice beast misses you.
Unknown command.
Unknown command.
Unknown command.
You block the snapping turtle's attack. You block the ice beast's attack.
The snapping turtle bites you from afar!!
You die...

≈≈................>...≈≈≈≈≈≈≈≈≈≈≈
≈,...................≈≈≈≈≈≈≈≈≈≈≈≈
.@##................≈≈≈≈≈≈≈≈≈≈≈≈≈
.h.#..............[..≈≈≈≈≈≈≈≈≈≈≈≈
............YY≈.......≈≈≈≈≈≈≈≈≈≈≈
...≈.........≈≈Y.....≈≈≈≈≈≈≈≈≈≈≈≈
....≈........≈.t.......≈≈≈≈≈≈≈≈≈≈
.≈≈.≈.........YYY.......≈≈≈≈≈≈≈≈≈
.≈≈≈≈...≈≈.....Y@.......≈≈≈≈≈≈≈≈≈
.≈..≈≈.≈≈≈.....###..#...≈≈≈≈≈≈≈≈≈
.≈..≈≈...≈≈.#.$#**.....,≈≈≈≈≈≈≈≈≈
≈≈≈≈≈.#..........,,,.≈..≈≈≈≈≈≈≈≈≈
≈≈≈..##...≈≈......,,,...≈≈≈≈≈,,,≈
≈....##....≈≈≈....,,,,..,,≈≈,,,,,
....##..##...≈≈..,≈,,,,.,≈≈≈,,,**
.......#####.≈S..,,,*,***,,,,,,,,
≈......## ##....#*,,*,* *,,,,≈,,,


You could see a snapping turtle and 7 ice beasts.

Vanquished Creatures
  Maud (Lair:6)
  2 fire dragons (D:15)
  Erolcha (D:8)
  Josephine (D:11)
  2 centaur warriors
  6 hydras
  The ghost of Ijustatesigmund the Covert, a journeyman OpWz of Vehumet (D:11)
  An anaconda (Snake:1)
  3 tengu warriors (D:15)
  3 death yaks (Lair:8)
  5 skeletal warriors (D:15)
  A wizard (D:15)
  2 sea snakes (Snake:1)
  A fire crab (Lair:8)
  3 unseen horrors
  4 hill giants
  A griffon (D:13)
  2 orc knights
  A salamander (Snake:1)
  An elephant (Lair:8)
  A siren (Shoals:1)
  3 ugly things (D:14)
  A cyclops (D:11)
  2 gargoyles
  A torpor snail (Lair:8)
  6 black mambas
  11 spiny frogs
  A kobold demonologist (D:13)
  2 centaur skeletons (D:15)
  3 yaktaurs (D:13)
  2 redback zombies
  3 komodo dragons
  2 fire drakes
  An efreet (D:14)
  A tengu conjurer (D:15)
  5 two-headed ogres
  2 trolls
  4 polar bears (Lair:8)
  15 blink frogs
  A raiju (Lair:8)
  A giant leech (Lair:8)
  2 trapdoor spider zombies
  A boulder beetle (Lair:7)
  3 wraiths (D:11)
  4 shadows
  2 wyverns
  Sigmund (D:4)
  32 yaks
  4 fire bats (D:11)
  A golden eye (D:5)
  4 deep elf magi
  A basilisk (Lair:7)
  10 hippogriffs
  A steam dragon (Lair:8)
  Grum (D:8)
  3 hungry ghosts
  A hog (Shoals:1)
  23 wolves
  2 vampire mosquitoes (D:14)
  Menkaure (D:6)
  4 nagas (Snake:1)
  13 porcupines
  6 wargs (Lair:8)
  A soldier ant (D:13)
  4 sky beasts
  14 water moccasins
  4 hell hounds
  8 orc warriors
  12 black bears (Lair:8)
  3 wasps
  6 ogres
  A phantom (D:9)
  18 centaurs
  2 necrophages
  4 ice beasts
  5 big kobolds
  10 crocodiles
  3 brain worms (Lair:8)
  24 giant frogs
  5 scorpions
  3 electric eels (Snake:1)
  6 killer bees
  The ghost of M4edhros the Charlatan, a weakling OpAr (D:3)
  6 crimson imps
  2 giant frog zombies
  3 centaur zombies
  5 lava snakes
  9 orc priests
  Crazy Yiuf (D:2)
  Ijyb (D:3)
  5 jellies
  5 iguanas
  Jessica (D:2)
  8 hell rats (Lair:7)
  A quasit (D:9)
  16 hounds
  14 orc wizards
  13 worker ants
  16 sheep
  A hound skeleton (D:9)
  A worker ant zombie (D:9)
  11 adders
  6 gnolls
  11 shadow imps
  54 river rats
  2 oozes
  An adder skeleton (D:7)
  2 adder zombies (D:9)
  20 worms
  11 giant geckos
  41 orcs
  8 giant cockroaches
  16 goblins
  6 hobgoblins
  27 jackals
  20 kobolds
  6 quokkas
  2 ball pythons (D:1)
  10 bats
  2 giant gecko skeletons
  A giant gecko zombie (D:6)
  17 giant newts
  A jackal skeleton (D:6)
  29 rats
  A bush (Lair:6)
  A fire vortex (D:11)
  2 fungi (Lair:8)
  2 plants
782 creatures vanquished.

Vanquished Creatures (collateral kills)
  An ice dragon (Lair:8)
  4 hydras
  6 death yaks (Lair:8)
  Sonja (Lair:4)
  An oklob plant (Lair:6)
  A griffon (Lair:2)
  3 elephants (Lair:8)
  A black mamba (Lair:1)
  4 torpor snails (Lair:8)
  5 spiny frogs
  An eye of devastation (Lair:8)
  A fire drake (Lair:5)
  A komodo dragon (Lair:2)
  4 polar bears (Lair:8)
  A troll (D:9)
  A raiju (Lair:8)
  6 blink frogs
  2 giant leeches (Lair:8)
  A wyvern (Lair:8)
  15 yaks
  3 nagas (Lair:4)
  10 wolves
  A warg (Lair:8)
  A porcupine (Lair:6)
  An ice beast (Shoals:1)
  A black bear (D:9)
  4 water moccasins
  2 wasps (Lair:8)
  7 crocodiles
  A brain worm (Lair:8)
  A gnoll sergeant (D:8)
  5 killer bees
  A hound (Lair:8)
  An orc wizard (D:8)
  An orc priest (D:10)
  A hound zombie (D:8)
  An adder (D:3)
  3 gnolls
  11 river rats
  3 worms (Lair:8)
  4 orcs
  A giant cockroach (D:3)
  A hobgoblin (D:3)
  3 jackals (D:8)
128 creatures vanquished.

Vanquished Creatures (others)
  A griffon (Shoals:1)
  A wolf (Lair:2)
  An orc wizard (D:3)
  An adder (D:2)
  A jackal (D:8)
  A kobold (D:11)
  A bush (Lair:8)
  2 fire vortices (D:11)
  39 fungi
  32 plants
80 creatures vanquished.

Grand Total: 990 creatures vanquished

Notes
Turn   | Place    | Note
--------------------------------------------------------------
     0 | D:1      | M4edhros the Octopode Artificer began the quest for the Orb.
     0 | D:1      | Reached XP level 1. HP: 13/13 MP: 3/3
    69 | D:1      | Reached XP level 2. HP: 11/18 MP: 4/4
   432 | D:1      | Reached skill level 4 in Evocations
   464 | D:1      | Reached XP level 3. HP: 12/23 MP: 6/6
   875 | D:2      | Noticed Jessica
   884 | D:2      | Killed Jessica
  1022 | D:2      | Reached XP level 4. HP: 24/28 MP: 7/7
  1149 | D:4      | Found a staircase to the Ecumenical Temple.
  1167 | Temple   | Entered the Ecumenical Temple
  1228 | Temple   | Became a worshipper of Warmaster Okawaru
  1461 | D:3      | Noticed M4edhros's ghost (weakling OpAr)
  1574 | D:3      | Noticed Sigmund
  1575 | D:3      | HP: 1/28 [gnoll (9)]
  1946 | D:2      | Reached XP level 5. HP: 24/33 MP: 8/8
  2022 | D:2      | Noticed Robin
  2106 | D:2      | Reached skill level 5 in Evocations
  2276 | D:2      | Reached skill level 5 in Stealth
  2697 | D:2      | Noticed Crazy Yiuf
  2701 | D:2      | Killed Crazy Yiuf
  2974 | D:3      | Killed M4edhros's ghost
  2974 | D:3      | Reached skill level 1 in Slings
  2974 | D:3      | Reached XP level 6. HP: 8/38 MP: 9/9
  3117 | D:3      | Reached skill level 6 in Stealth
  3289 | D:3      | Found a glowing silver altar of Zin.
  3302 | D:3      | Noticed an angel
  3528 | D:3      | Noticed Ijyb
  3538 | D:3      | Killed Ijyb
  3740 | D:3      | Found an opulent altar of Gozag.
  3742 | D:3      | Found a snail-covered altar of Cheibriados.
  4388 | D:4      | Killed Sigmund
  4388 | D:4      | Reached * piety under Okawaru
  4388 | D:4      | Reached skill level 7 in Stealth
  4388 | D:4      | Reached XP level 7. HP: 19/43 MP: 11/11
  4609 | D:4      | Found a shattered altar of Ashenzari.
  4834 | D:5      | Entered Level 5 of the Dungeon
  5111 | D:5      | Reached skill level 8 in Stealth
  5336 | D:5      | Reached XP level 8. HP: 48/48 MP: 12/12
  5339 | D:5      | Got an ichor-stained flail {crush}
  5340 | D:5      | Identified the +7 flail of Epoeruv {crush, rElec rF- Int+3 SInv} (You took it off a crimson imp on level 5 of the Dungeon)
  5343 | D:5      | Found a white marble altar of Elyvilon.
  5535 | D:5      | Reached ** piety under Okawaru
  5535 | D:5      | Reached skill level 1 in Maces & Flails
  5618 | D:5      | Reached skill level 9 in Stealth
  5735 | D:6      | Found a blossoming altar of Fedhas.
  5940 | D:6      | Reached skill level 5 in Slings
  5962 | D:6      | Noticed Menkaure
  5978 | D:6      | Killed Menkaure
  6133 | D:6      | Found a stormy altar of Qazlal.
  6789 | D:7      | Reached *** piety under Okawaru
  6789 | D:7      | Reached XP level 9. HP: 32/53 MP: 14/14
  6790 | D:7      | Identified a -2 rod of shadows (9/9) (You found it on level 7 of the Dungeon)
  6942 | D:7      | Reached skill level 10 in Stealth
  7476 | D:8      | Found Usasym's Antique Weapon Shop.
  7484 | D:8      | Bought a crude mace for 224 gold pieces
  7484 | D:8      | Identified the +8 mace of Susikh {pain, rElec} (You bought it in a shop on level 8 of the Dungeon)
  7496 | D:8      | Noticed Erolcha
  7536 | D:8      | Killed Erolcha
  7536 | D:8      | Reached skill level 11 in Stealth
  7662 | D:8      | Found Itycicyt's Magic Scroll Boutique.
  7670 | D:8      | Bought a scroll of recharging for 104 gold pieces
  7698 | D:8      | Reached **** piety under Okawaru
  7712 | D:8      | Noticed Grum
  7735 | D:8      | Reached XP level 10. HP: 39/62 MP: 15/15
  7739 | D:8      | Killed Grum
  7876 | D:8      | Found Puutz's Antique Armour Shop.
  7943 | D:8      | Found a sacrificial altar of Ru.
  8020 | D:8      | Found Licsad's Armour Emporium.
  8023 | D:8      | Bought a +0 hat for 56 gold pieces
  8051 | D:8      | Reached ***** piety under Okawaru
  8059 | D:8      | Found a staircase to the Lair.
  8063 | D:8      | Noticed a fire drake
  8070 | D:8      | Killed a fire drake
  8109 | D:8      | Gained mutation: You have very sharp teeth. [mutagenic meat]
  8272 | D:8      | Reached skill level 12 in Stealth
  8313 | D:8      | Found Cifamnah's Jewellery Shoppe.
  8492 | D:9      | Received a gift from Okawaru
  8493 | D:9      | Got a translucent hat {god gift}
  8504 | D:9      | Identified the -3 hat of Lemohua {Str+4} (Okawaru gifted it to you on level 9 of the Dungeon)
  8757 | D:9      | Paralysed by a wasp for 3 turns
  8940 | D:9      | Found a sparkling altar of Nemelex Xobeh.
  9603 | D:10     | Entered Level 10 of the Dungeon
  9623 | D:10     | Got a glittering bronze amulet
  9624 | D:10     | Identified the amulet of Unwiluakin {Inacc rPois rF++ rN+ Dex+3} (You found it on level 10 of the Dungeon)
  9640 | D:10     | Noticed nicanaca0's ghost (novice MiBe)
  9763 | Lair:1   | Entered Level 1 of the Lair of Beasts
 10052 | D:8      | Bought a scroll of recharging for 104 gold pieces
 10144 | Lair:1   | Reached skill level 5 in Maces & Flails
 10288 | Lair:1   | Reached XP level 11. HP: 63/69 MP: 17/17
 10298 | Lair:1   | Reached skill level 13 in Stealth
 10426 | Lair:1   | Noticed a black mamba
 10440 | Lair:1   | Killed a black mamba
 10440 | Lair:1   | Received a gift from Okawaru
 11055 | Lair:1   | Reached skill level 1 in Long Blades
 11437 | Lair:2   | Learned a level 4 spell: Condensation Shield
 11441 | Lair:2   | Found an ancient bone altar of Kikubaaqudgha.
 11447 | Lair:2   | Got an iridescent hand axe
 11639 | Lair:2   | Received a gift from Okawaru
 11720 | Lair:2   | Reached skill level 5 in Dodging
 11770 | Lair:2   | Reached skill level 1 in Ice Magic
 11938 | Lair:2   | Reached skill level 14 in Stealth
 12371 | Lair:3   | Reached skill level 5 in Fighting
 12426 | Lair:3   | Received a gift from Okawaru
 12444 | Lair:3   | Learned a level 3 spell: Ozocubu's Armour
 12577 | Lair:3   | Reached skill level 1 in Spellcasting
 12577 | Lair:3   | Reached XP level 12. HP: 59/77 MP: 18/18
 13339 | Lair:4   | Found a staircase to the Snake Pit.
 13480 | Lair:4   | Identified the +12 hand axe "Zenyjune" {vamp, rC- Str+3 Int+2} (You found it on level 2 of the Lair of Beasts)
 13534 | Lair:4   | Found a staircase to the Shoals.
 13825 | Lair:4   | Noticed an eight-headed hydra
 13837 | Lair:4   | Killed an eight-headed hydra
 13873 | Lair:4   | Noticed Sonja
 13971 | Lair:4   | Killed Sonja
 14796 | Lair:5   | Noticed a seven-headed hydra
 14807 | Lair:5   | Killed a seven-headed hydra
 14819 | Lair:5   | Received a gift from Okawaru
 14820 | Lair:5   | Got a faintly glowing buckler {god gift}
 14826 | Lair:5   | Identified the +3 buckler "Mul Etsu" {+Inv +Fly rElec Str+4} (Okawaru gifted it to you on level 5 of the Lair of Beasts)
 14880 | Lair:5   | Found a dark tunnel.
 14934 | Lair:5   | Reached skill level 10 in Slings
 15439 | Lair:6   | Noticed Maud
 15458 | Lair:6   | Killed Maud
 15458 | Lair:6   | Reached skill level 1 in Shields
 15497 | Lair:6   | Noticed a seven-headed hydra
 15601 | Lair:6   | Reached skill level 15 in Stealth
 15672 | Lair:6   | Noticed a five-headed hydra
 15901 | Lair:6   | Noticed a four-headed hydra
 15914 | Lair:6   | Killed a four-headed hydra
 15931 | Lair:6   | Was placed under penance by Okawaru
 16005 | Lair:6   | Reached XP level 13. HP: 68/83 MP: 20/20
 16291 | Lair:6   | Reached skill level 5 in Ice Magic
 16334 | Lair:6   | Noticed a six-headed hydra
 16346 | Lair:6   | Killed a six-headed hydra
 16346 | Lair:6   | Was forgiven by Okawaru
 16622 | Lair:6   | Killed a five-headed hydra
 17128 | Lair:7   | Received a gift from Okawaru
 17128 | Lair:7   | Reached skill level 10 in Evocations
 17138 | Lair:7   | Learned a level 4 spell: Iskenderun's Mystic Blast
 17203 | Lair:7   | Identified a scroll of acquirement
 17216 | Lair:7   | Got a brightly glowing hunting sling
 17217 | Lair:7   | Identified the +1 hunting sling of Intimidation {freeze, *Corrode Str+7 Int+6} (You acquired it on level 7 of the Lair of Beasts)
 17373 | Lair:7   | Killed a seven-headed hydra
 17375 | Lair:7   | Reached skill level 1 in Conjurations
 17722 | Lair:7   | Learned a level 7 spell: Orb of Destruction
 18021 | Lair:7   | Got a slimy quarterstaff
 18039 | Lair:7   | Identified the +1 quarterstaff of the Mosquito {venom, MR+ Int+3} (You found it on level 7 of the Lair of Beasts)
 18491 | Lair:8   | Entered Level 8 of the Lair of Beasts
 18525 | Lair:8   | Found a viscous altar of Jiyva.
 18525 | Lair:8   | Found a staircase to the Slime Pits.
 18723 | Lair:8   | Received a gift from Okawaru
 19039 | Lair:8   | Found a runed door.
 19656 | Lair:8   | Reached skill level 16 in Stealth
 19822 | Lair:8   | Received a gift from Okawaru
 19861 | Lair:8   | Reached ****** piety under Okawaru
 19990 | Lair:8   | Received a gift from Okawaru
 19991 | Lair:8   | Got a crystal scimitar {god gift}
 19992 | Lair:8   | Identified the +7 scimitar of Qetsesk {slice, *Rage rElec Str+7} (Okawaru gifted it to you on level 8 of the Lair of Beasts)
 20009 | Lair:8   | Reached XP level 14. HP: 72/90 MP: 21/21
 20078 | Lair:8   | Reached skill level 5 in Shields
 21058 | Lair:8   | Received a gift from Okawaru
 21123 | Lair:8   | Got an iridescent halberd
 21174 | Lair:8   | Paralysed by a wasp for 3 turns
 21626 | Lair:7   | Upgraded the game from 0.17-a0-2215-g49c1de0 to 0.17-a0-2231-gd80ca38
 22428 | D:11     | Noticed Josephine
 22445 | D:11     | Killed Josephine
 22445 | D:11     | Reached skill level 5 in Conjurations
 22724 | D:11     | Noticed Ijustatesigmund's ghost (journeyman OpWz)
 22786 | D:10     | Found Nivic's Distillery.
 22802 | D:10     | Bought a potion of mutation for 40 gold pieces
 22802 | D:10     | Bought a potion of mutation for 40 gold pieces
 22802 | D:10     | Bought 2 potions of mutation for 80 gold pieces
 22823 | D:10     | Gained mutation: You are weak. (Str -2) [potion of mutation]
 22823 | D:10     | Gained mutation: Your magical capacity is low (-10% MP). [potion of mutation]
 22824 | D:10     | Gained mutation: Your spells are a little easier to cast, but a little less powerful. [potion of mutation]
 22824 | D:10     | Gained mutation: Your magical capacity is very low (-20% MP). [potion of mutation]
 22824 | D:10     | Gained mutation: Your spells are easier to cast, but less powerful. [potion of mutation]
 22825 | D:10     | Gained mutation: Your body sometimes deteriorates upon taking damage. [potion of mutation]
 22825 | D:10     | Lost mutation: Your magical capacity is very low (-20% MP). [potion of mutation]
 22826 | D:10     | Gained mutation: You are clumsy. (Dex -2) [potion of mutation]
 22826 | D:10     | Lost mutation: You are weak. (Str -2) [potion of mutation]
 22827 | D:10     | Gained mutation: Your system is resistant to poisons. [potion of mutation]
 22878 | D:10     | Noticed an unseen horror
 22897 | D:10     | Killed an unseen horror
 24224 | D:13     | Gained mutation: You are dopey. (Int -2) [mutagenic meat]
 24279 | D:13     | Found a gate to the Vaults.
 24339 | D:13     | Received a gift from Okawaru
 24358 | D:13     | Reached skill level 17 in Stealth
 24524 | D:13     | Reached XP level 15. HP: 75/97 MP: 20/20
 24579 | D:13     | Identified the +2 halberd "Raisin" {freeze, rN+ MR++} (You found it on level 8 of the Lair of Beasts)
 24634 | D:13     | Learned a level 3 spell: Regeneration
 24725 | D:13     | Learned a level 2 spell: Repel Missiles
 24774 | D:13     | Reached skill level 5 in Spellcasting
 25204 | D:14     | Gained mutation: One of your tentacles bears a spike. [mutagenic meat]
 25205 | D:14     | Lost mutation: Your spells are easier to cast, but less powerful. [mutagenic meat]
 25309 | D:14     | Reached skill level 1 in Necromancy
 25352 | D:14     | Reached skill level 1 in Charms
 25793 | D:14     | Found Zedd's Gadget Shop.
 25814 | D:14     | Got a sparkling bone ring
 26148 | D:15     | Entered Level 15 of the Dungeon
 26519 | D:15     | Identified the ring "Luyg" {rElec rC+ AC+3} (You found it on level 14 of the Dungeon)
 27263 | D:15     | Found a staircase to the Depths.
 27585 | D:11     | Killed Ijustatesigmund's ghost
 27585 | D:11     | Received a gift from Okawaru
 27590 | D:11     | Got a bloodstained shield {god gift}
 27601 | D:11     | Identified the +2 shield of the Hall of Blades {rElec} (Okawaru gifted it to you on level 11 of the Dungeon)
 27747 | D:10     | Found a staircase to the Orcish Mines.
 27771 | D:10     | Found a roughly hewn altar of Beogh.
 27984 | Snake:1  | Entered Level 1 of the Snake Pit
 28498 | Shoals:1 | Entered Level 1 of the Shoals
 28714 | Shoals:1 | Noticed Kirke
 28758 | Shoals:1 | Found a frozen archway.
 28776 | Shoals:1 | Slain by a snapping turtle

Vault maps used:
D:1:      onia_arrival_handbag, moated_statue
D:2:      grunt_decor_cap, minmay_liquid_box, minmay_misc_feat_diagonals,
          serial_bayou_lagoon_a, minmay_newt_pond, uniq_crazy_yiuf_cottage,
          uniq_robin, uniq_jessica
D:3:      kennysheep_goblin_castle, zin_angel, nicolae_overflow_hidden_temple,
          uniq_sigmund
D:4:      evilmike_ruin_ashenzari, minmay_temple_entry_glass, first_bread
D:5:      elyvilon_altar_3
D:6:      old_standard_altar, lemuel_doored_altar, minmay_lizard_king,
          uniq_menkaure
D:8:      hangedman_ru_absence, minmay_lair_entry_lava, serial_shops, shop,
          shop_scrolls, shop, kennysheep_mini_moat, shop, uniq_erolcha,
          uniq_grum
D:9:      nemelex_spade_bored_becter
D:10:     minmay_orc_entry_temple_small, serial_shops, nicolae_shop_trees
D:11:     grunt_ogre_cave, hangedman_incinerator, uniq_josephine
D:13:     hangedman_vaults_entry_quadrant_bands, serial_corexii_hall,
          corexii_hall_statues_i, corexii_hall_statues_i, corexii_hall_statues_l
D:14:     serial_shops, shop
D:15:     grunt_enter_depths_hoard, minmay_crystal_water, minmay_fountain_box
Temple:   triangle_lava_temple_11
Lair:2:   basic_altar
Lair:3:   cheibrodos_magma_flow, st_stairs_3, grunt_megastairs_2
Lair:4:   elwin_shoals_entry_rocks, minmay_snake_entry_guardpost_medium,
          uniq_sonja
Lair:5:   nicolae_volcano_entry_hallway
Lair:6:   serial_bayou_pond_a, st_stairs_8, lemuel_fruit_tree, uniq_maud
Lair:7:   lemuel_ratsnest, grunt_forest_small_clearing_treed
Lair:8:   wormcave, hangedman_lair_caniforms_friends, slime_altar_1,
          grunt_megastairs_3
Shoals:1: portal_ice_cave_entry_ice_beasts, uniq_aizul, uniq_roxanne, uniq_kirke
Snake:1:  serial_bayou_ford_a

Action                   |  1- 3 |  4- 6 |  7- 9 | 10-12 | 13-15 || total
-------------------------+-------+-------+-------+-------+-------++-------
Melee: Short sword       |    61 |    91 |    48 |       |       ||   200
       Dagger            |       |    88 |       |       |       ||    88
       Quarterstaff      |       |    14 |       |       |       ||    14
       Flail             |       |       |   135 |   348 |       ||   483
       Rod               |       |       |       |     2 |       ||     2
       Triple sword      |       |       |       |    41 |       ||    41
       Eveningstar       |       |       |       |    15 |  1625 ||  1640
       Scimitar          |       |       |       |       |    35 ||    35
 Fire: Hunting sling     |       |     1 |    18 |   223 |   276 ||   518
       Blowgun           |       |       |       |       |     8 ||     8
 Cast: Ozocubu's Armour  |       |       |       |       |     6 ||     6
       Iskenderun's Myst |       |       |       |       |     8 ||     8
       Regeneration      |       |       |       |       |     2 ||     2
Invok: Heroism           |       |       |       |     4 |     3 ||     7
 Abil: Evoke Invisibilit |       |       |       |       |     2 ||     2
Evoke: Wand              |       |    30 |     6 |     8 |    33 ||    77
       Rod               |       |       |     2 |    49 |    46 ||    97
  Use: Scroll            |       |     6 |    10 |    18 |    20 ||    54
       Potion            |       |     4 |     3 |     9 |    12 ||    28
 Stab: Sleeping          |     7 |     9 |    26 |    24 |    70 ||   136
       Distracted        |       |       |     2 |     3 |    10 ||    15
       Confused          |       |       |     1 |       |     4 ||     5
       Petrifying        |       |       |       |     1 |       ||     1
       Invisible         |       |       |       |       |     7 ||     7
  Eat: Chunk             |       |     9 |    11 |    48 |    64 ||   132
       Beef jerky        |       |     1 |       |       |     7 ||     8
       Pizza             |       |       |       |     2 |     2 ||     4
       Meat ration       |       |       |       |       |     3 ||     3
